 Dungeon Crawl Stone Soup version 0.17-a0-1763-g847a857 (webtiles) character file.

1685 George the Carver (level 8, -2/63 (66) HPs)
             Began as a Minotaur Gladiator on Sept 4, 2015.
             Was a Follower of Okawaru.
             Killed from afar by an electric eel (13 damage)
             ... with a bolt of electricity
             ... on level 6 of the Dungeon.
             The game lasted 00:14:47 (6575 turns).

George the Carver (Minotaur Gladiator)              Turns: 6575, Time: 00:14:47

HP:   -2/63 (66)    AC: 12    Str: 20    XL:     8   Next: 71%
MP:   8/8           EV:  9    Int:  5    God:    Okawaru [*.....]
Gold: 386           SH:  0    Dex: 13    Spells: 0 memorised, 7 levels left

rFire  . . .     SeeInvis .     U - +2 scimitar (holy)
rCold  . . .     Clarity  .     J - +0 chain mail
rNeg   . . .     SustAt   +     (no shield)
rPois  +         Gourm    .     c - +1 hat
rElec  .         Spirit   .     K - +0 cloak
rCorr  .         Warding  .     (no gloves)
rMut   .         Stasis   +     n - +0 pair of boots
MR     .....                    G - amulet of stasis
Stlth  ..........               P - ring of sustain attributes
                                g - ring of poison resistance

@: not resistant to hostile enchantments, extremely unstealthy
A: retaliatory headbutt, horns 2
a: Heroism, Renounce Religion


You were on level 6 of the Dungeon.
You worshipped Okawaru.
Okawaru was aware of your devotion.
You were not hungry.

You visited 2 branches of the dungeon, and saw 7 of its levels.

You collected 386 gold pieces.

Inventory:

Hand weapons
 U - a +2 scimitar of holy wrath (weapon)
Missiles
 d - a throwing net (quivered)
 D - 5 javelins of penetration
Armour
 c - a +1 hat (worn)
 n - a +0 pair of boots (worn)
 J - a +0 chain mail (worn)
 K - a +0 cloak (worn)
Jewellery
 g - a ring of poison resistance (left hand)
 G - an amulet of stasis (around neck)
 P - a ring of sustain attributes (right hand)
Scrolls
 q - 2 scrolls of blinking
 w - 4 scrolls of magic mapping
 y - a scroll of enchant weapon
 M - a scroll of teleportation
 O - 2 scrolls of remove curse
Potions
 f - a potion of mutation
 j - 3 potions of heal wounds
 x - a potion of ambrosia
 z - 2 potions of agility
 E - a potion of might {unknown}
 I - a potion of curing {unknown}
 R - a potion of cure mutation {unknown}
 S - a potion of lignification {unknown}
 T - a potion of flight {unknown}
Comestibles
 e - 4 bread rations
 h - 8 meat rations
 i - a slice of pizza
 r - 2 beef jerkies
 t - a royal jelly
 V - a chunk of flesh


   Skills:
 + Level 3.9 Fighting
 + Level 11.9 Long Blades
 - Level 2.0 Throwing
 + Level 3.0 Armour
 + Level 4.4 Dodging
 + Level 2.3 Invocations


You had 7 spell levels left.
You didn't know any spells.

Dungeon Overview and Level Annotations

Branches:
Dungeon (6/15)             Temple (1/1) D:6

Altars:
Ashenzari
Cheibriados
Elyvilon
Fedhas
Gozag
Kikubaaqudgha
Makhleb
Okawaru
Qazlal
Ru
Trog
Vehumet
Xom
Yredelemnul
Zin
The Shining One


Innate Abilities, Weirdness & Mutations

You reflexively headbutt those who attack you in melee.
You have a pair of horns on your head.


Message History

You enter the shallow water.
Moving in this stuff is going to be slow.
You see here an electric eel corpse.
You butcher the electric eel corpse.
V - 3 chunks of flesh Eating one of 3 chunks of flesh.
This raw flesh tastes terrible.
You are feeling hungry.
You continue eating. x2
Eating one of 2 chunks of flesh.
This raw flesh tastes terrible.
You continue eating. x2
You start resting.
The electric eel shoots out a bolt of lightning at you!
The bolt of electricity hits you!
* * * LOW HITPOINT WARNING * * *
The electric eel shoots out a bolt of lightning at you!
The bolt of electricity hits you!
* * * LOW HITPOINT WARNING * * *
The electric eel shoots out a bolt of lightning at you!
The bolt of electricity hits you!
You die...

#........####.# #...#
##......### #.# #.⌠..
#.....### #.## #...#
#..#### ### ##.# ##### ####
##.####.## ##....##..# #
###.......#.# #
##...........### ##
##.........@.#).# ###.
######.............#.......
....
...........................
....
...........)...............
....
≈≈≈≈≈≈;≈≈≈≈≈≈≈≈≈≈≈≈≈≈;≈≈≈≈≈
≈≈≈≈
≈≈≈≈≈≈≈≈≈≈≈≈≈≈≈≈≈≈≈≈≈≈≈≈(≈≈
≈≈≈≈
≈≈≈≈≈≈≈≈≈≈≈≈≈≈≈≈≈≈≈≈≈≈≈≈;≈≈
≈≈≈≈
≈≈≈≈≈≈≈#####≈≈≈≈≈≈≈≈≈≈≈≈≈≈≈
≈≈≈≈ ≈≈≈≈≈≈≈ ############
####


You could see an electric eel.

Vanquished Creatures
  A black bear (D:6)
  2 ice beasts (D:6)
  3 ogres
  An orc warrior (D:5)
  A necrophage (D:6)
  The ghost of shakdrar the Bolt Thrower, an average CeHu (D:3)
  2 centaurs (D:5)
  A sky beast (D:6)
  2 giant frogs (D:6)
  An electric eel (D:6)
  A crimson imp (D:5)
  3 hounds
  A giant frog zombie (D:6)
  A giant frog skeleton (D:6)
  Crazy Yiuf (D:4)
  An orc priest (D:6)
  2 hound skeletons
  A worker ant zombie (D:5)
  7 adders
  A gnoll (D:3)
  An ooze (D:4)
  An adder skeleton (D:4)
  3 worms
  2 giant geckos
  17 orcs
  10 bats
  4 giant cockroaches
  8 goblins
  12 hobgoblins
  7 jackals
  3 ball pythons
  8 giant newts
  11 kobolds
  2 quokkas
  A quokka skeleton (D:5)
  12 rats
136 creatures vanquished.

Notes
Turn   | Place    | Note
--------------------------------------------------------------
     0 | D:1      | George the Minotaur Gladiator began the quest for the Orb.
     0 | D:1      | Reached XP level 1. HP: 18/18 MP: 0/0
    64 | D:1      | Reached skill level 4 in Long Blades
   207 | D:1      | Reached XP level 2. HP: 25/25 MP: 1/1
   619 | D:1      | Reached skill level 5 in Long Blades
   829 | D:2      | Reached XP level 3. HP: 30/30 MP: 2/2
  1584 | D:3      | Found a burning altar of Makhleb.
  1600 | D:3      | Found a faded altar to an unknown god.
  1609 | D:3      | Noticed shakdrar's ghost (average CeHu)
  1893 | D:3      | Reached XP level 4. HP: 37/37 MP: 3/3
  1926 | D:3      | Found a basalt altar of Yredelemnul.
  1933 | D:3      | Reached skill level 6 in Long Blades
  2049 | D:3      | Found a snail-covered altar of Cheibriados.
  2177 | D:3      | Killed shakdrar's ghost
  2177 | D:3      | Reached skill level 7 in Long Blades
  2177 | D:3      | Reached XP level 5. HP: 22/42 MP: 4/4
  2393 | D:3      | Found an ancient bone altar of Kikubaaqudgha.
  2561 | D:4      | Noticed an ogre
  2573 | D:4      | Killed an ogre
  2573 | D:4      | Reached skill level 8 in Long Blades
  2573 | D:4      | Reached XP level 6. HP: 30/50 MP: 5/5
  2843 | D:4      | Noticed an ogre
  2850 | D:4      | Killed an ogre
  2850 | D:4      | Reached skill level 9 in Long Blades
  3072 | D:4      | Noticed Crazy Yiuf
  3077 | D:4      | Killed Crazy Yiuf
  3403 | D:5      | Entered Level 5 of the Dungeon
  3583 | D:5      | Reached XP level 7. HP: 20/56 MP: 6/6
  3886 | D:5      | Reached skill level 10 in Long Blades
  5112 | D:5      | Reached skill level 11 in Long Blades
  5237 | D:6      | Reached XP level 8. HP: 44/59 MP: 7/7
  5387 | D:6      | Found a staircase to the Ecumenical Temple.
  5392 | Temple   | Entered the Ecumenical Temple
  5474 | Temple   | Became a worshipper of Warmaster Okawaru
  5594 | D:6      | Reached skill level 1 in Armour
  5719 | D:5      | Reached skill level 1 in Invocations
  5997 | D:6      | Acquired Okawaru's first power
  6575 | D:6      | Killed from afar by an electric eel

Vault maps used:
D:1:      ncdulo_smallfort, minivault_19, corexii_corridor_pit
D:3:      kiku_gazebo_garden_becter, old_standard_altar,
          nicolae_overflow_crystal_walls, ecumenical_altar_2,
          grunt_ministairs_10, bloody_makhleb
D:4:      uniq_crazy_yiuf_cottage
D:5:      corexii_shack_village, first_bread, minmay_crystal_room
D:6:      minmay_goblin_kobold_castle, minmay_temple_entry_nine_rooms
Temple:   circular_temple_12

Action                   |  1- 3 |  4- 6 |  7- 9 || total
-------------------------+-------+-------+-------++-------
Melee: Long sword        |   102 |    95 |   109 ||   306
       Scimitar          |       |       |    44 ||    44
Throw: Throwing net      |       |     1 |     1 ||     2
       Tomahawk          |       |       |     4 ||     4
  Use: Scroll            |       |    16 |     3 ||    19
 Stab: Held in net/web   |       |     1 |       ||     1
  Eat: Chunk             |     1 |     5 |    10 ||    16
       Royal jelly       |     1 |       |       ||     1
